[Event "*** Titled Tuesday Blitz"]
[Site "Chess.com"]
[Date "2020.04.21"]
[Round "3"]
[White "DonPreuss"]
[Black "tvjosue"]
[Result "0-1"]
[WhiteElo "2215"]
[BlackElo "2519"]
[TimeControl "180+1"]
[EndTime "10:25:10 PDT"]
[Termination "tvjosue won by resignation"]

1. d4 Nf6 2. Nc3 d5 3. e4 dxe4 4. f3 Bf5 5. fxe4 Nxe4 6. Qf3 Nd6 7. Bf4 e6 8. O-O-O Nc6 9. g4 Bg6 10. d5 exd5 11. Nxd5 Be7 12. Nxe7 Qxe7 13. Bxd6 cxd6 14. Bd3 O-O 15. h4 Ne5 16. Qd5 Bxd3 17. cxd3 Rac8+ 18. Kb1 Nxg4 19. Nh3 Ne3 20. Qh5 Nxd1 21. Rxd1 Rc5 22. Ng5 h6 23. Rh1 Rfc8 24. Qg4 hxg5 0-1

[Event "*** Titled Tuesday Blitz"]
[Site "Chess.com"]
[Date "2020.04.21"]
[Round "3"]
[White "Halvard"]
[Black "Kingsman132"]
[Result "1/2-1/2"]
[WhiteElo "2103"]
[BlackElo "2485"]
[TimeControl "180+1"]
[EndTime "10:25:11 PDT"]
[Termination "Game drawn by repetition"]

1. e4 e5 2. f4 Bc5 3. Nf3 d6 4. Bc4 Nc6 5. d3 Nf6 6. Nc3 Ng4 7. Ng5 O-O 8. f5 h6 9. Nxf7 Qh4+ 10. g3 Bf2+ 11. Ke2 Nd4+ 12. Kd2 Be3+ 13. Ke1 Bf2+ 14. Kd2 Be3+ 15. Ke1 Bf2+ 16. Kd2 1/2-1/2

[Event "*** Titled Tuesday Blitz"]
[Site "Chess.com"]
[Date "2020.04.21"]
[Round "3"]
[White "Aygehovit1992"]
[Black "Zaven_ChessMood"]
[Result "0-1"]
[WhiteElo "2681"]
[BlackElo "2973"]
[TimeControl "180+1"]
[EndTime "10:25:18 PDT"]
[Termination "Zaven_ChessMood won on time"]

1. Nf3 d5 2. g3 c6 3. Bg2 Bg4 4. O-O Nd7 5. d3 Ngf6 6. h3 Bh5 7. Nbd2 e6 8. g4 Bg6 9. Nh4 Bd6 10. Nxg6 hxg6 11.
e3 Qc7 0-1

[Event "*** Titled Tuesday Blitz"]
[Site "Chess.com"]
[Date "2020.04.21"]
[Round "3"]
[White "WinstonSilvakov"]
[Black "Majesth"]
[Result "0-1"]
[WhiteElo "2143"]
[BlackElo "2505"]
[TimeControl "180+1"]
[EndTime "10:25:22 PDT"]
[Termination "Majesth won by resignation"]

1. e4 g6 2. d4 Bg7 3. h4 c5 4.
dxc5 Na6 5. h5 Nxc5 6. h6 Bf6 7.
Bc4 Nxe4 8. Bxf7+ Kxf7 9. Qd5+ e6 10. Qxe4 d5 11. Qe2 Ne7 12. c3 Re8 13. Nf3 Kg8 14. Bf4 e5 15. Bg3 Nf5 16. Nbd2 e4 17.
Ng1 e3 18. O-O-O exd2+ 19. Qxd2 Nxg3 0-1

[Event "*** Titled Tuesday Blitz"]
[Site "Chess.com"]
[Date "2020.04.21"]
[Round "3"]
[White "Phriex"]
[Black "Gabix_94"]
[Result "0-1"]
[WhiteElo "2463"]
[BlackElo "2818"]
[TimeControl "180+1"]
[EndTime "10:25:26 PDT"]
[Termination "Gabix_94 won by resignation"]

1. d4 Nf6 2. c4 g6 3. g3 Bg7 4. Bg2 O-O 5. Nc3 d6 6. Nf3 Nbd7 7. O-O e5 8. h3 c6 9. e4 Qa5 10. Qc2 Nb6 11. dxe5 dxe5 12. b3 Nbd7 13. a3 Qc7 14. b4 a5 15. Bb2 Nb6 16. c5 Nc4 17. Rfd1 h6 18. Bf1 Nxb2 19. Qxb2 Be6 20. Na4 Nxe4 21. Nb6 Rad8 22. Re1 Nxg3 23. fxg3 e4 24. Qf2 exf3 25. Rad1 axb4 26. axb4 Bc3 27. Rxd8 Rxd8 28. Re4 Bf5 29.
Rf4 Qxf4 30. gxf4 Bd4 0-1

[Event "*** Titled Tuesday Blitz"]
[Site "Chess.com"]
[Date "2020.04.21"]
[Round "3"]
[White "aaronmaster123"]
[Black "beccrajoy"]
[Result "1-0"]
[WhiteElo "2295"]
[BlackElo "1789"]
[TimeControl "180+1"]
[EndTime "10:25:26 PDT"]
[Termination "aaronmaster123 won by resignation"]

1. Nf3 Nf6 2. g3 g6 3. Bg2 Bg7 4. O-O O-O 5. c4 c5 6. d4 cxd4 7. Nxd4 Nc6 8. Nc2 d6 9. Nc3 Bf5 10. Ne3 Be6 11. b3 Rc8 12. Bb2 Ne5 13. Rc1 Neg4 14.
Nc2 Bf5 15. Nd4 Bd7 16. Bxb7 Rb8 17. Bg2 Ne5 18. h3 Nxc4 19. Ba1 Ne5 20. f4 Qb6 21. e3 Nc6 22. Na4 1-0

[Event "*** Titled Tuesday Blitz"]
[Site "Chess.com"]
[Date "2020.04.21"]
[Round "3"]
[White "exoticprincess"]
[Black "Koksik_13"]
[Result "1-0"]
[WhiteElo "2862"]
[BlackElo "2641"]
[TimeControl "180+1"]
[EndTime "10:25:27 PDT"]
[Termination "exoticprincess won by resignation"]

1. d4 e6 2. c4 d5 3. Nc3 a6 4.
c5 c6 5. e4 dxe4 6. Nxe4 Nf6 7. Nxf6+ gxf6 8. Nf3 b6 9. cxb6 Qxb6 10. Bd3 Bb4+ 11.
Bd2 c5 12. O-O Bxd2 13. Qxd2 Bb7 14. dxc5 Qxc5 15. Rac1 Qd5 16. Rfe1 Rg8 17. Be4 Qxd2 18. Nxd2 Bxe4 19. Rc8+ Ke7 20. Rxg8 Nd7 21. Rxa8 Bxa8 22.
Rc1 Kd6 23. Nc4+ Ke7 24. f3 Bd5 25. b3 e5 26. Ne3 Be6 27. Rc6 a5 28. Ra6 f5 29. Rxa5 f4 30. Nd5+ Kd6 31. Nc3 f5 32.
b4 Nb6 33. a4 Nc4 34. Rc5 Nd2 35. Nb5+ Ke7 1-0

[Event "*** Titled Tuesday Blitz"]
[Site "Chess.com"]
[Date "2020.04.21"]
[Round "3"]
[White "vinniethepooh"]
[Black "ChrisTool2"]
[Result "1-0"]
[WhiteElo "2615"]
[BlackElo "2403"]
[TimeControl "180+1"]
[EndTime "10:25:31 PDT"]
[Termination "vinniethepooh won by resignation"]

1. d4 Nf6 2. c4 e6 3. Nc3 d5 4. cxd5 exd5 5. Bg5 Bb4 6. e3 c5 7. Bb5+ Bd7 8. Bxd7+ Nbxd7 9. Ne2 cxd4 10. Qxd4 Qa5 11. O-O O-O 12. a3 Bc5 13. Qd2 Be7 14. Rad1 Rad8 15.
Nxd5 Nxd5 16. Qxa5 1-0

[Event "*** Titled Tuesday Blitz"]
[Site "Chess.com"]
[Date "2020.04.21"]
[Round "3"]
[White "svilson23"]
[Black "Hasangatin_Ramil"]
[Result "0-1"]
[WhiteElo "2254"]
[BlackElo "2517"]
[TimeControl "180+1"]
[EndTime "10:25:35 PDT"]
[Termination "Hasangatin_Ramil won on time"]

1. d4 f6 2. e4 g6 3. f4 Bg7 4. Nf3 d5 5. e5 Nh6 6. Be3 Bg4 7. h3 Nf5 8. Bf2 Bxf3 9. Qxf3 h5 10. Nd2 fxe5 11.
fxe5 e6 12. O-O-O O-O 13. Qd3 h4 14. Nf3 Nd7 15. Kb1 c5 16. c3 b5 17. Qxb5 Rb8 18.
Qa6 Rb6 0-1

[Event "*** Titled Tuesday Blitz"]
[Site "Chess.com"]
[Date "2020.04.21"]
[Round "3"]
[White "bilelou"]
[Black "Batica1984"]
[Result "0-1"]
[WhiteElo "2565"]
[BlackElo "2778"]
[TimeControl "180+1"]
[EndTime "10:25:38 PDT"]
[Termination "Batica1984 won by resignation"]

1. d4 Nf6 2. Nf3 e6 3. c4 c5 4. d5 d6 5. Nc3 exd5 6. cxd5 g6 7. Nd2 Bg7 8. e4 O-O 9. Be2 Re8 10. O-O Nbd7 11.
f3 Ne5 12. a4 h5 13. h3 g5 14.
Nc4 Nxc4 15. Bxc4 Nd7 16. f4 g4 17. hxg4 Bd4+ 18. Rf2 Qh4 19. Qe2 Nf6 20. Be3 Nxg4 21. Bxd4 Qh2+ 0-1

[Event "*** Titled Tuesday Blitz"]
[Site "Chess.com"]
[Date "2020.04.21"]
[Round "3"]
[White "ferdipy"]
[Black "CroissantNeuf"]
[Result "1-0"]
[WhiteElo "2214"]
[BlackElo "2374"]
[TimeControl "180+1"]
[EndTime "10:25:38 PDT"]
[Termination "ferdipy won by resignation"]

1. e4 e5 2. Nf3 Nc6 3. Bc4 Nf6 4. Ng5 d5 5. exd5 Na5 6. Bb5+ c6 7. dxc6 bxc6 8.
Be2 h6 9. Nf3 e4 10. Ne5 Bc5 11.
c3 Bd6 12. d4 exd3 13. Nxd3 O-O 14. O-O Re8 15. h3 Ba6 16. Nf4 Bxe2 17. Nxe2 Qc7 18. b3 Rad8 19. Qc2 c5 20. Na3 c4 21. b4 Nb7 22. Nb5 Be5 23. Nxc7 1-0

[Event "*** Titled Tuesday Blitz"]
[Site "Chess.com"]
[Date "2020.04.21"]
[Round "3"]
[White "checkmatequen"]
[Black "boasovietica"]
[Result "1-0"]
[WhiteElo "2241"]
[BlackElo "2449"]
[TimeControl "180+1"]
[EndTime "10:25:40 PDT"]
[Termination "checkmatequen won by resignation"]

1. e4 e5 2. Nf3 Nc6 3. Bb5 a6 4. Ba4 Nf6 5. d3 d6 6. O-O g6 7.
c3 Bg7 8. h3 O-O 9. Nbd2 Re8 10. Re1 Bd7 11. Nf1 d5 12. Bg5 dxe4 13. dxe4 Qe7 14. Ne3 Rad8 15. Nd5 Nxd5 16. Bxe7 Ndxe7 17. Qe2 h6 18. Rad1 g5 19. b4 Ng6 20. g3 Bxh3 21.
Bxc6 bxc6 22. Rxd8 Rxd8 23. Qxa6 Bg4 24. Nh2 Be6 25.
Qxc6 Rd2 26. Qxc7 h5 27. b5 h4 28. b6 1-0

[Event "*** Titled Tuesday Blitz"]
[Site "Chess.com"]
[Date "2020.04.21"]
[Round "3"]
[White "amelia91"]
[Black "calin_dragomirescu"]
[Result "0-1"]
[WhiteElo "1941"]
[BlackElo "2304"]
[TimeControl "180+1"]
[EndTime "10:25:41 PDT"]
[Termination "calin_dragomirescu won by resignation"]

1. d4 g6 2. e4 Bg7 3. Nf3 d6 4. Bc4 c6 5. O-O d5 6. exd5 cxd5 7.
Bb3 Nc6 8. h3 Nf6 9. Bg5 O-O 10.
Re1 Ne4 11. Bc1 a5 12. c3 b5 13. Nbd2 Nxd2 14. Bxd2 e6 15. a4 b4 16. Rc1 Ba6 17.
Ne5 Nxe5 18. dxe5 Rb8 19. cxb4 axb4 20. Qg4 h5 21. Qd4 Qb6 22. Be3 Qxd4 23. Bxd4 Rfc8 24. a5 Bh6 25. Rxc8+ Rxc8 26. Bb6 Bc1 27. Re2 Bxe2 0-1

[Event "*** Titled Tuesday Blitz"]
[Site "Chess.com"]
[Date "2020.04.21"]
[Round "3"]
[White "Shazuli9878"]
[Black "Boundless_Strike"]
[Result "0-1"]
[WhiteElo "2393"]
[BlackElo "2608"]
[TimeControl "180+1"]
[EndTime "10:25:43 PDT"]
[Termination "Boundless_Strike won by resignation"]

1. Nf3 f5 2. d4 Nf6 3. g3 g6 4. Bg2 Bg7 5. O-O O-O 6. c4 d6 7. Nc3 c6 8. b3 e5 9. dxe5 dxe5 10. Qxd8 Rxd8 11. Bg5 e4 12. Ne1 h6 13. Bxf6 Bxf6 14.
Rc1 Rd2 15. Na4 Rxa2 16. Nc2 Na6 17. Rfd1 b5 18. cxb5 cxb5 19. Rd6 Kf7 20. Rxa6 Bxa6 21. Nc5 Rc8 22. Nb4 Ra3 23. e3 Be7 24. Nbxa6 Rxa6 25. Nxa6 Rxc1+ 26. Bf1 Bd6 27. Kg2 b4 28. h3 g5 0-1

[Event "*** Titled Tuesday Blitz"]
[Site "Chess.com"]
[Date "2020.04.21"]
[Round "3"]
[White "leoduarte"]
[Black "blobica"]
[Result "0-1"]
[WhiteElo "2254"]
[BlackElo "2534"]
[TimeControl "180+1"]
[EndTime "10:25:46 PDT"]
[Termination "blobica won by resignation"]

1. e4 c6 2. d4 d5 3. Nc3 dxe4 4. Nxe4 Nf6 5. Nxf6+ exf6 6. c3 Bd6 7. Bd3 O-O 8.
Qc2 Re8+ 9. Ne2 h5 10. Be3 Qc7 11. O-O-O Nd7 12. h4 Nf8 13. g3 Bg4 14. Rde1 Re7 15. Qd2 Rae8 16. Bf4 Bxe2 17. Bxd6 Qxd6 18. Bxe2 Qd5 19.
a3 Rxe2 20. Rxe2 Rxe2 21. Qxe2 Qxh1+ 22. Kc2 Qd5 0-1

[Event "*** Titled Tuesday Blitz"]
[Site "Chess.com"]
[Date "2020.04.21"]
[Round "3"]
[White "MoreChessJulia"]
[Black "hellokostya"]
[Result "0-1"]
[WhiteElo "1766"]
[BlackElo "2481"]
[TimeControl "180+1"]
[EndTime "10:25:46 PDT"]
[Termination "hellokostya won by resignation"]

1. d4 Nf6 2. c4 g6 3. f3 c5 4. d5 e6 5. e4 d6 6. Nc3 Bg7 7. Bg5 h6 8. Be3 exd5 9. cxd5 O-O 10. Qd2 Re8 11. h4 h5 12. Bh6 a6 13. Bxg7 Kxg7 14. Nh3 b5 15. Nf2 b4 16. Ncd1 Nbd7 17. Ne3 Ne5 18. Nc4 a5 19. Nxe5 Rxe5 20. O-O-O c4 21.
Bxc4 Qc7 22. Qd3 Ba6 23. b3 a4 24. Kb1 Bxc4 25. Qxc4 Qa5 26. Nd3 axb3 27. Qxb3 Ree8 28. Nc1 Nd7 29. Rd4 Nc5 30. Qxb4 Reb8 0-1

[Event "*** Titled Tuesday Blitz"]
[Site "Chess.com"]
[Date "2020.04.21"]
[Round "3"]
[White "SanchezKelvin"]
[Black "AlexandraSamaganova"]
[Result "1-0"]
[WhiteElo "2404"]
[BlackElo "2109"]
[TimeControl "180+1"]
[EndTime "10:25:47 PDT"]
[Termination "SanchezKelvin won by resignation"]

1. d4 Nf6 2. c4 e6 3. Nf3 Bb4+ 4.
Nbd2 Ne4 5. Qc2 Nxd2 6. Bxd2 Bxd2+ 7. Qxd2 O-O 8. e4 d5 9. Bd3 dxe4 10. Bxe4 Qf6 11. O-O-O Rd8 12. Qe3 c6 13. h4 a5 14.
g4 b5 15. cxb5 Bd7 16. g5 Qe7 17. Kb1 Ra7 18. d5 exd5 19. Bxh7+ 1-0

[Event "*** Titled Tuesday Blitz"]
[Site "Chess.com"]
[Date "2020.04.21"]
[Round "3"]
[White "Firehand33"]
[Black "tigra"]
[Result "0-1"]
[WhiteElo "2596"]
[BlackElo "2791"]
[TimeControl "180+1"]
[EndTime "10:25:48 PDT"]
[Termination "tigra won by resignation"]

1. g3 d5 2. Bg2 Nf6 3. Nf3 Bf5 4. O-O e6 5. d3 Be7 6. Nfd2 O-O 7. e4 Bg6 8. Nc3 c5 9. f4 dxe4 10. dxe4 Bh5 11.
Qe1 Nc6 12. e5 Nd5 13. Nxd5 exd5 14. c3 f6 15. exf6 Bxf6 16. Nb3 c4 17. Nc5 Re8 18. Qd2 Qb6 19. Qxd5+ Bf7 20. Qf5 Ne7 21. Qg4 Qxc5+ 22. Kh1 Bd5 23. f5 Qc6 24. Qh3 Nxf5 0-1

[Event "*** Titled Tuesday Blitz"]
[Site "Chess.com"]
[Date "2020.04.21"]
[Round "3"]
[White "tgpgoat"]
[Black "DanilNajdin"]
[Result "0-1"]
[WhiteElo "2162"]
[BlackElo "2385"]
[TimeControl "180+1"]
[EndTime "10:25:49 PDT"]
[Termination "DanilNajdin won by resignation"]

1. e4 e5 2. Nf3 Nc6 3. Bc4 Nf6 4. d4 exd4 5. e5 d5 6. Bb5 Ne4 7. Nxd4 Bd7 8. Bxc6 bxc6 9. O-O Bc5 10. Be3 Qe7 11. f3 Nd6 12. f4 Nc4 13. Bf2 Nxb2 14.
Qc1 Nc4 15. f5 Nxe5 16. Re1 O-O 17. Qf4 Rfe8 18. Nc3 Qf6 19. Na4 Bd6 20. Bh4 Nf3+ 21. Nxf3 Bxf4 22. Bxf6 gxf6 23. Nd4 Be3+ 24. Rxe3 Rxe3 25.
Nc5 Bc8 26. Kf2 Rc3 27. Nd3 0-1

[Event "*** Titled Tuesday Blitz"]
[Site "Chess.com"]
[Date "2020.04.21"]
[Round "3"]
[White "noblerone"]
[Black "Azatnew"]
[Result "0-1"]
[WhiteElo "2450"]
[BlackElo "2778"]
[TimeControl "180+1"]
[EndTime "10:25:51 PDT"]
[Termination "Azatnew won by resignation"]

1. d4 Nf6 2. Nf3 g6 3. Bg5 Bg7 4. Nbd2 d5 5. e3 c5 6. c3 Nc6 7. Bd3 Qb6 8. Qb3 c4 9. Qxb6 axb6 10. Bc2 b5 11. Ne5 Nd7 12. Nxc6 bxc6 13. O-O c5 14. a4 b4 15. dxc5 bxc3 16. c6 cxd2 17. cxd7+ Bxd7 18. Rad1 h6 19. Bf4 Bxa4 20. Bxa4+ Rxa4 21. Rxd2 e6 22. Bd6 Kd7 23. Bc5 Rb8 24. e4 Rxb2 25. Rdd1 Kc6 26.
Be3 c3 27. exd5+ exd5 28. Bc1 Rb1 29. Rfe1 c2 30. Rd2 Rc4 0-1

[Event "*** Titled Tuesday Blitz"]
[Site "Chess.com"]
[Date "2020.04.21"]
[Round "3"]
[White "AttilaTurzo"]
[Black "Quiet_Desperation"]
[Result "0-1"]
[WhiteElo "2467"]
[BlackElo "1963"]
[TimeControl "180+1"]
[EndTime "10:25:52 PDT"]
[Termination "Quiet_Desperation won by resignation"]

1. e4 e6 2. d4 d5 3. Nc3 Nf6 4. e5 Nfd7 5. f4 c5 6. Nf3 Nc6 7. Be3 Be7 8. Qd2 O-O 9. O-O-O c4 10. f5 b5 11. Nxb5 Rb8 12. fxe6 Rxb5 13. exd7 Bxd7 14.
c3 Qa5 15. Qc2 Qxa2 16. Qb1 Qa5 17. b4 Nxb4 18. cxb4 Bxb4 19. Qb2 Ba3 20. Qxa3 Qxa3+ 21. Kd2 Rb2+ 0-1

[Event "*** Titled Tuesday Blitz"]
[Site "Chess.com"]
[Date "2020.04.21"]
[Round "3"]
[White "yavrukurt40"]
[Black "StockholmMissile"]
[Result "1-0"]
[WhiteElo "2781"]
[BlackElo "2451"]
[TimeControl "180+1"]
[EndTime "10:25:54 PDT"]
[Termination "yavrukurt40 won by resignation"]

1. e4 e5 2. Nf3 Nc6 3. Nc3 Nf6 4. Bb5 Bb4 5. O-O O-O 6. d3 Bxc3 7. bxc3 d6 8. Bg5 Ne7 9. Nh4 Ng6 10. Nxg6 fxg6 11. f4 exf4 12. Rxf4 Kh8 13. Qf3 c6 14. Bc4 h6 15.
Bxf6 Rxf6 16. Rf1 Rxf4 17. Qxf4 Bd7 18. Qxd6 g5 19. Rf7 Bg4 20. Qxd8+ Rxd8 21. Rxb7 Bd1 22. d4 Bxc2 23. e5 a5 24. e6 Bg6 25.
e7 Re8 26. d5 cxd5 27. Bxd5 Rc8 28. c4 Be8 29. Kf2 g6 30. Ke3 Kg7 31. Kd4 Kf6 32. c5 a4 33. c6 h5 34. Kc5 Ke5 35. Rb1 h4 36. Re1+ Kf6 37. Kd6 g4 38. c7 g3 39.
hxg3 hxg3 40. Be6 1-0

[Event "*** Titled Tuesday Blitz"]
[Site "Chess.com"]
[Date "2020.04.21"]
[Round "3"]
[White "LionTheLeon_06"]
[Black "Jumbo"]
[Result "0-1"]
[WhiteElo "2627"]
[BlackElo "2828"]
[TimeControl "180+1"]
[EndTime "10:25:57 PDT"]
[Termination "Jumbo won by resignation"]

1. Nf3 Nf6 2. g3 d5 3. Bg2 c6 4.
O-O Bg4 5. d3 Nbd7 6. c4 dxc4 7.
dxc4 e5 8. Nc3 Bc5 9. Qc2 O-O 10. Rd1 Qe7 11. h3 Bxf3 12. Bxf3 Qe6 13. Bg2 Qxc4 14.
b3 Qe6 15. Bb2 Rfd8 16. e3 Bf8 17. a3 a5 18. Na4 Rdc8 19. Rac1 b5 20. Nc3 Nc5 21. b4 axb4 22. axb4 Na6 23. Ne4 Nxb4 24. Nxf6+ Qxf6 25. Qe4 Ra2 26. Qxe5 Rxb2 0-1

[Event "*** Titled Tuesday Blitz"]
[Site "Chess.com"]
[Date "2020.04.21"]
[Round "3"]
[White "WPWPWP-2015"]
[Black "SameerMujumdar"]
[Result "1-0"]
[WhiteElo "2414"]
[BlackElo "2201"]
[TimeControl "180+1"]
[EndTime "10:26:04 PDT"]
[Termination "WPWPWP-2015 won by resignation"]

1. e4 c5 2. Nf3 d6 3. d4 cxd4 4. Nxd4 Nf6 5. Nc3 Nc6 6. Be2 e6 7. O-O Bd7 8. Be3 Nxd4 9. Bxd4 Bc6 10. f3 Qc7 11. Qd2 a6 12. a4 Be7 13. a5 O-O 14. Kh1 d5 15. e5 Nd7 16. f4 Nc5 17. f5 exf5 18. Rxf5 Ne6 19. Bb6 Qd7 20. Bg4 d4 21.
Ne2 Be4 22. Rf2 Qd5 23. Nxd4 Bg5 24. Bxe6 fxe6 25. Rxf8+ Rxf8 26. Qxg5 Rf2 27. Nf3 Bxf3 28. Bxf2 1-0

[Event "*** Titled Tuesday Blitz"]
[Site "Chess.com"]
[Date "2020.04.21"]
[Round "3"]
[White "anushanlv"]
[Black "Mizner"]
[Result "0-1"]
[WhiteElo "2197"]
[BlackElo "2518"]
[TimeControl "180+1"]
[EndTime "10:26:07 PDT"]
[Termination "Mizner won by resignation"]

1. d4 d5 2. Nf3 Nf6 3. Bf4 c5 4. e3 Nc6 5. Nbd2 Qb6 6. dxc5 Qxb2 7. Rb1 Qc3 8. Bb5 e6 9. O-O Be7 10. Be5 Qxc5 11. c4 dxc4 12. Bxc4 O-O 13. Rb5 Qa3 14. Nb1 Qa6 15. a4 Nxe5 16. Nxe5 Qd6 17. Qf3 a6 18. Rd1 Qc7 0-1

[Event "*** Titled Tuesday Blitz"]
[Site "Chess.com"]
[Date "2020.04.21"]
[Round "3"]
[White "swayamsm"]
[Black "JulAnt"]
[Result "0-1"]
[WhiteElo "2684"]
[BlackElo "2509"]
[TimeControl "180+1"]
[EndTime "10:26:09 PDT"]
[Termination "JulAnt won by resignation"]

1. d4 Nf6 2. Nf3 g6 3. Bf4 Bg7 4. Nbd2 d6 5. e4 O-O 6. h4 h5 7. Bd3 c5 8. d5 e6 9. dxe6 Bxe6 10. Ng5 Bc8 11. Nc4 d5 12. exd5 Nxd5 13. Bd6 Re8+ 14. Kf1 b5 15. Bxb8 Rxb8 16. Nd2 c4 17. Be4 c3 18. Bxd5 Qxd5 19. bxc3 Bxc3 20. Ndf3 Qc4+ 21. Kg1 Bxa1 22. Qxa1 Bg4 23. Qf6 Rb6 24. Qb2 Rd6 25. g3 Rd1+ 26. Kg2 Rxh1 27. Kxh1 Qf1+ 28. Ng1 Re1 0-1

[Event "*** Titled Tuesday Blitz"]
[Site "Chess.com"]
[Date "2020.04.21"]
[Round "3"]
[White "almaguerjm"]
[Black "Toro1234"]
[Result "0-1"]
[WhiteElo "2325"]
[BlackElo "2640"]
[TimeControl "180+1"]
[EndTime "10:26:11 PDT"]
[Termination "Toro1234 won by resignation"]

1. d4 d5 2. Bf4 c5 3. e3 Nc6 4. Nf3 Bg4 5. Nc3 e6 6. Nb5 Rc8 7. c3 a6 8. Na3 c4 9. Be2 Bxa3 10. bxa3 Qa5 11. O-O Bxf3 12. Bxf3 Qxc3 13. Bd6 Nge7 14. Rb1 b5 15. a4 b4 16. e4 O-O 17. Bxe7 Nxe7 18.
exd5 Nxd5 19. a5 Rfd8 20. Qa4 Qxd4 21. Bxd5 exd5 22. Rxb4 g6 23. Rb6 Qd3 24. Rd1 Qe2 25. Rxa6 c3 26. Rb6 c2 27. Rc1 d4 28. Rc6 d3 0-1

[Event "*** Titled Tuesday Blitz"]
[Site "Chess.com"]
[Date "2020.04.21"]
[Round "3"]
[White "Filip_Covic"]
[Black "KikaLaurincova"]
[Result "1-0"]
[WhiteElo "2306"]
[BlackElo "1979"]
[TimeControl "180+1"]
[EndTime "10:26:12 PDT"]
[Termination "Filip_Covic won by resignation"]

1. d4 Nf6 2. c4 g6 3. Nc3 d5 4.
cxd5 Nxd5 5. e4 Nxc3 6. bxc3 Bg7 7. Nf3 O-O 8. Be3 c5 9. Qd2 Nc6 10. d5 Ne5 11. Nxe5 Bxe5 12. Bxc5 Qc7 13. Bd4 Bf4 14. Be3 Be5 15. Rc1 e6 16. f4 Bg7 17. d6 Qd7 18. Be2 b6 19. O-O Bb7 20. Bf3 Rfd8 21. e5 Bxf3 22. Rxf3 f6 23. Bd4 f5 24. Qb2 Rac8 25.
Qb3 Kf7 26. Bf2 Qc6 27. c4 g5 28. fxg5 Bxe5 29. c5 bxc5 30. Rxf5+ Kg8 31. Qxe6+ Kh8 32. Qxe5+ Kg8 33. Qe6+ Kh8 34. Qf6+ Kg8 35. Qf7+ Kh8 36. Bg3 1-0

[Event "*** Titled Tuesday Blitz"]
[Site "Chess.com"]
[Date "2020.04.21"]
[Round "3"]
[White "Fighter008"]
[Black "sboshaon21"]
[Result "1-0"]
[WhiteElo "2489"]
[BlackElo "2049"]
[TimeControl "180+1"]
[EndTime "10:26:13 PDT"]
[Termination "Fighter008 won by resignation"]

1. e4 c5 2. Nf3 e6 3. d4 cxd4 4. Nxd4 a6 5. Nc3 Qc7 6. Bd3 Nf6 7. f4 d6 8. Qe2 Nbd7 9. g4 h6 10. Bd2 Be7 11. h4 b5 12. a3 Nb6 13. O-O-O Bb7 14.
g5 Nfd7 15. g6 Nc4 16. gxf7+ Kxf7 17. Rdg1 Nf6 18. e5 dxe5 19. fxe5 Qxe5 20. Bxc4 Qxe2 21. Bxe2 Bxh1 22. Rxh1 Rhd8 23. Nf3 Kg8 24. Rg1 Bc5 25.
Rg2 Kh8 26. Ne5 Rd3 27. Bxd3 1-0

[Event "*** Titled Tuesday Blitz"]
[Site "Chess.com"]
[Date "2020.04.21"]
[Round "3"]
[White "ZeZacarias"]
[Black "MattyDPerrine"]
[Result "0-1"]
[WhiteElo "2049"]
[BlackElo "2319"]
[TimeControl "180+1"]
[EndTime "10:26:14 PDT"]
[Termination "MattyDPerrine won by resignation"]

1. d4 Nf6 2. c4 c5 3. d5 b5 4.
cxb5 a6 5. Nc3 axb5 6. Nxb5 Ba6 7. Nc3 g6 8. Nf3 Bg7 9. g3 d6 10. Bg2 Nbd7 11. O-O Nb6 12. Ng5 O-O 13. Re1 h6 14.
Nh3 Nfd7 15. e4 Ne5 16. f4 Nd3 17. Re3 Bd4 18. Nf2 Nxf2 19. Kxf2 Nc4 20. Bf1 Nxe3 21. Bxe3 Bxe3+ 22. Kxe3 Bxf1 23. Qxf1 Qb6 24. Qe2 Rfb8 25. b3 c4+ 26. Kf3 cxb3 27. f5 b2 28. Rb1 Ra3 29.
Qe3 Qxe3+ 0-1

[Event "*** Titled Tuesday Blitz"]
[Site "Chess.com"]
[Date "2020.04.21"]
[Round "3"]
[White "thedjoker98"]
[Black "Echecmat"]
[Result "0-1"]
[WhiteElo "2491"]
[BlackElo "2163"]
[TimeControl "180+1"]
[EndTime "10:26:19 PDT"]
[Termination "Echecmat won by checkmate"]

1. d4 Nf6 2. c4 g6 3. Nc3 Bg7 4. e4 d6 5. f3 O-O 6. Be3 c5 7. Nge2 cxd4 8. Nxd4 Nc6 9. Be2 Bd7 10. O-O Rc8 11.
Rc1 a6 12. Qd2 Ne5 13. b3 Re8 14. h3 Qa5 15. f4 Nc6 16. Bf3 Nxd4 17. Bxd4 b5 18.
cxb5 e5 19. fxe5 dxe5 20. Be3 axb5 21. Rfd1 Red8 22. Bg5 Be6 23. Qe3 Rxd1+ 24. Rxd1 Rxc3 25. Qxc3 Qxc3 26. Rd8+ Bf8 27. Bxf6 Qc5+ 28. Kh2 h5 29.
Re8 Kh7 30. a4 bxa4 31. bxa4 Bg7 32. Be7 Qf2 33. a5 Bh6 34. Bf6 Bf4+ 35. Kh1 Qf1# 0-1

[Event "*** Titled Tuesday Blitz"]
[Site "Chess.com"]
[Date "2020.04.21"]
[Round "3"]
[White "Spring199"]
[Black "AustrianFalcon"]
[Result "0-1"]
[WhiteElo "2379"]
[BlackElo "2598"]
[TimeControl "180+1"]
[EndTime "10:26:21 PDT"]
[Termination "AustrianFalcon won by resignation"]

1. d4 g6 2. c4 Bg7 3. Nc3 d6 4. e4 e5 5. d5 a5 6. Nge2 Ne7 7. h4 f5 8. h5 f4 9. hxg6 hxg6 10. Rxh8+ Bxh8 11. g3 fxg3 12. Nxg3 Nd7 13. Bg5 Bf6 14. Qd2 Nxd5 15.
Nxd5 Bxg5 16. Nxc7+ Qxc7 17. Qxg5 Nf8 18. Rc1 Qe7 19.
Qe3 Ne6 20. Ne2 Bd7 21. Qb6 Nc5 22. Ng3 Bc6 23. Rd1 Ra6 24. Qxa6 bxa6 25. a3 Nxe4 26. Nxe4 Bxe4 27. b4 axb4 28. axb4 d5 29. c5 Qb7 0-1

[Event "*** Titled Tuesday Blitz"]
[Site "Chess.com"]
[Date "2020.04.21"]
[Round "3"]
[White "Rinas_Oleg"]
[Black "SahaNeelash"]
[Result "0-1"]
[WhiteElo "2256"]
[BlackElo "2533"]
[TimeControl "180+1"]
[EndTime "10:26:22 PDT"]
[Termination "SahaNeelash won by resignation"]

1. e4 c6 2. d4 d5 3. Nc3 dxe4 4. Nxe4 Nf6 5. Nxf6+ exf6 6. Be3 Bd6 7. Bd3 O-O 8. Qd2 Nd7 9. O-O-O Qc7 10. h4 Nb6 11. h5 Be6 12. h6 g6 13. Kb1 Nc4 14.
Bxc4 Bxc4 15. Qc3 Bd5 16. f3 a5 17. g4 Rfe8 18. g5 f5 19. Bc1 b5 20. Nh3 Bb4 21.
Qd3 Bc4 22. Bf4 Qd7 0-1

[Event "*** Titled Tuesday Blitz"]
[Site "Chess.com"]
[Date "2020.04.21"]
[Round "3"]
[White "grandcoach"]
[Black "Poghosyan_Suren"]
[Result "0-1"]
[WhiteElo "1950"]
[BlackElo "2484"]
[TimeControl "180+1"]
[EndTime "10:26:22 PDT"]
[Termination "Poghosyan_Suren won on time"]

1. e4 e6 2. Nf3 c5 3. b4 cxb4 4.
a3 bxa3 5. d4 d6 6. Bd3 Nf6 7.
O-O Be7 8. Nxa3 Nc6 9. c3 O-O 10. Nd2 e5 11. d5 Nb8 12. f4 exf4 13. Nf3 Ng4 14. Bxf4 Qb6+ 15. Nd4 Ne5 16. Nc4 Nxc4 17. Bxc4 Nd7 18. Kh1 Ne5 0-1